 Dungeon Crawl Stone Soup version 0.32-a0-732-ga344392067 (webtiles) character file.

Game seed: 6980970602050255266

101 gimp the Shooter (level 4, -2/33 HPs)
             Began as a Coglin Hunter on Mar 16, 2024.
             Killed from afar by an orc wizard (4 damage)
             ... with a magic dart
             ... on level 3 of the Dungeon.
             The game lasted 00:02:21 (1044 turns).

gimp the Shooter (Coglin Hunter)                    Turns: 1044, Time: 00:02:21

Health: -2/33      AC:  3    Str: 11    XL:     4   Next: 75%
Magic:  4/4        EV: 11    Int:  9    God:
Gold:   85         SH:  0    Dex: 19    Spells: 3/3 levels left

rFire   . . .        a - +2 sling {Sieglinde}
rCold   . . .        d - +0 sling {Publia}
rNeg    . . .        c - +0 leather armour
rPois   .            (no helmet)
rElec   .            (no cloak)
rCorr   .            (no gloves)
SInv    .            (no boots)
Will    .....        (amulet unavailable)
Stlth   ++           (ring unavailable)
HPRegen 0.25/turn    (ring unavailable)
MPRegen 0.09/turn    (no gizmo)

%: no passive effects
@: revving
A: off-hand wielding, slow wielding, warmup strikes, no jewellery
a: Invent Gizmo


You were on level 3 of the Dungeon.
You visited 1 branch of the dungeon, and saw 3 of its levels.

You collected 85 gold pieces.

Inventory:

Hand Weapons
 a - a +2 sling (weapon) {Sieglinde}
 d - a +0 sling (offhand) {Publia}
Armour
 c - a +0 leather armour (worn)
Wands
 p - a wand of mindburst (6)
Scrolls
 b - a scroll of butterflies
 f - a scroll of fear {unknown}
 g - 3 scrolls of identify {unknown}
 h - a scroll of amnesia {unknown}
 l - a scroll of immolation {unknown}
 m - 2 scrolls of fog {unknown}
 o - a scroll of enchant armour {unknown}
Potions
 e - 2 potions of magic {unknown}
 i - a potion of berserk rage {unknown}
 j - a potion of lignification {unknown}
 k - 3 potions of attraction {unknown}
 n - a potion of heal wounds {unknown}
 q - a potion of curing {unknown}


   Skills:
 - Level 2.0 Fighting
 * Level 5.4 Ranged Weapons
 - Level 1.7 Dodging
 - Level 0.7 Stealth


You had 3 spell levels left.
You didn't know any spells.
Your spell library contained the following spells:

 Spells                   Type           Power      Damage    Failure   Level
 Blink                    Tloc           0%         N/A       63%         2
 Lesser Beckoning         Tloc           0%         N/A       63%         2
 Momentum Strike          Conj/Tloc      0%         3d8       63%         2


Dungeon Overview and Level Annotations

Branches:
Dungeon (3/15)

Altars:


Innate Abilities, Weirdness & Mutations

You can wield a second weapon in your off-hand.
It takes a long time for you to wield or remove held weapons.
Your first few attacks do less damage.
You cannot equip rings or amulets.


Message History

The sling bullet hits the orc but does no damage.
The orc is heavily wounded.
You shoot a sling bullet. The orc wizard shouts!
The sling bullet hits the orc.
You kill the orc!
You shoot a sling bullet.
You hear a shout!
Things that are here:
a +0 club; an orc corpse; a dart slug corpse You shoot a sling bullet.
The sling bullet hits the orc wizard.
The orc wizard is lightly wounded.
You shoot a sling bullet. The sling bullet hits the orc wizard.
The orc wizard is heavily wounded.
The orc wizard mumbles some strange words.
The orc wizard flickers and vanishes!
Deactivating autopickup; reactivate with Ctrl-A.
No target in view!
No target in view!
An orc comes into view. It is wielding a +0 flail.
You see here a ball python corpse.
A giant cockroach comes into view.
Something hits you but does no damage.
You see here a +0 hand axe.
You hear some strange, mumbled words.
You are confused.
You see here a ball python corpse.
You hear some strange, mumbled words.
Something tries to affect you, but you resist.
Things that are here:
a +0 club; an orc corpse; a dart slug corpse You are too confused!
You are too confused!
You bump into the rock wall.
You bump into the rock wall.
A magic dart appears from out of thin air!
The magic dart hits you.
You take 6 damage, and have 27/33 hp.
You feel less confused. Something hits you but does no damage.
Things that are here:
a +0 club; an orc corpse; a dart slug corpse You shoot a sling bullet.
The sling bullet closely misses the orc.
You shoot a sling bullet. The sling bullet hits the orc.
The orc is severely wounded.
You hear some strange, mumbled words.
A puff of flame appears from out of thin air!
The puff of flame hits you!
You hear some strange, mumbled words.
A magic dart appears from out of thin air!
The magic dart hits you.
You take 9 damage, and have 18/33 hp.
MASSIVE DAMAGE!!
You shoot a sling bullet.
The sling bullet closely misses the orc.
You shoot a sling bullet.
The sling bullet completely misses the orc.
Something hits you.
You take 4 damage, and have 14/33 hp.
Unknown command.
You are too injured to fight recklessly!
You shoot a sling bullet. The sling bullet barely misses the orc.
You shoot a sling bullet. The sling bullet hits the orc!
You kill the orc!
Something barely misses you.
You shoot a sling bullet.
The sling bullet hits the giant cockroach!
You kill the giant cockroach!
You shoot a sling bullet. Something hits you.
You shoot a sling bullet. x2; Something hits you but does no damage.
You shoot a sling bullet. x2
You hear some strange, mumbled words.
A magic dart appears from out of thin air!
The magic dart hits you.
* * * LOW HITPOINT WARNING * * *
Something hits you.
* * * LOW HITPOINT WARNING * * *
You take 8 damage, and have 6/33 hp.
MASSIVE DAMAGE!!
You shoot a sling bullet. x2
You hear some strange, mumbled words.
A magic dart appears from out of thin air!
The magic dart hits you.
* * * LOW HITPOINT WARNING * * *
You take 4 damage, and have 2/33 hp.
You shoot a sling bullet. x2; Something hits you but does no damage.
You shoot a sling bullet. x2
You hear some strange, mumbled words.
Something tries to affect you, but you resist.
You shoot a sling bullet. x2
You hear some strange, mumbled words.
A puff of flame appears from out of thin air!
The puff of flame misses you.
You shoot a sling bullet. x2; Something hits you.
* * * LOW HITPOINT WARNING * * *
You take 1 damage, and have 2/33 hp.
You shoot a sling bullet. x2
You hear some strange, mumbled words.
A magic dart appears from out of thin air!
The magic dart hits you.
You die...

.? ##.# # ...#####.
#. ......... #. ####
#........ ##
#.####..### #........
.##
#.......<.###........
..##
####.####..@{).......
#..# #..#
#####........ ##.##
#.## #.....[.. ##..#
#.# #........ ###.#
##.# #........
#...###..# #........
..#...#.## #########
#####.#.# #...#


There were no monsters in sight!

Vanquished Creatures
  3 adders (D:2)
  3 dart slugs
  A ribbon worm (D:3)
  8 orcs (D:3)
  5 ball pythons
  3 bats
  2 endoplasms (D:2)
  2 giant cockroaches
  3 goblins
  6 hobgoblins
  3 frilled lizards
  5 kobolds
  14 rats
58 creatures vanquished.

Notes
Turn   | Place    | Note
-------+----------+-------------------------------------------
     0 | D:1      | gimp the Coglin Hunter began the quest for the Orb.
     0 | D:1      | Reached XP level 1. HP: 16/16 MP: 1/1
    97 | D:1      | Reached skill level 4 in Ranged Weapons
    97 | D:1      | Reached XP level 2. HP: 22/22 MP: 2/2
   257 | D:1      | Reached XP level 3. HP: 27/27 MP: 3/3
   486 | D:2      | Reached skill level 5 in Ranged Weapons
   486 | D:2      | Reached XP level 4. HP: 33/33 MP: 4/4
  1044 | D:3      | Killed from afar by an orc wizard

Illustrated notes

Levels and vault maps discovered:
D:1:      mrwooster_arrival_statue, layout_basic, minmay_rat_gold_closets
D:2:      layout_rooms, serial_corexii_hall, chequers_hall_statues_wall_a,
          chequers_hall_statues_wall_a, nicolae_concentric_dashed_squares_mild
D:3:      minmay_evil_eye, layout_rooms, ebering_ghost_reflecting_pool,
          gup_sewer_entry_spiral, minmay_crystal_room

Skill      XL: |  1  2  3 |
---------------+----------+-----
Ranged Weapons | 4 5 |  5.4
Fighting       | |  2.0
Dodging        | |  1.7
Stealth        | |  0.7

Action                     |  1- 3 |  4- 6 || total
---------------------------+-------+-------++-------
   Fire: Sling             |   114 |    98 ||   212
 Armour: Leather armour    |     9 |    15 ||    24
  Dodge: Dodged            |     8 |     4 ||    12

Table legend: (Time is in decaauts)
 A = Elapsed time spent in this place.
 B = Non-inter-level travel time spent in this place.
 C = Inter-level travel time spent in this place.
 D = Time resting spent in this place.
 E = Time spent auto-exploring this place.
 F = Levels seen in this place.
 G = Mean time per level.
                   A        B        C        D        E       F      G
               +--------+--------+--------+--------+--------+-----+--------+
         Total |   1065 |   1029 |     36 |      0 |    688 |   3 |  355.0 |
       Dungeon |   1065 |   1029 |     36 |      0 |    688 |   3 |  355.0 |
               +--------+--------+--------+--------+--------+-----+--------+

Top non-repeatable levels by time:
     D:2: 471 daAuts
     D:1: 417 daAuts
     D:3: 177 daAuts
